 Dungeon Crawl Stone Soup version 0.30.1-11-g7821555f0a (console) character file.

Game seed: 11037689606186115914

38 JoeltCo the Grave Robber (level 3, 0/26 HPs)
             Began as a Ghoul Necromancer on Jan 10, 2024.
             Slain by Sigmund
             ... wielding a +0 scythe
              (5 damage)
             ... on level 2 of the Dungeon.
             The game lasted 00:01:47 (1697 turns).

JoeltCo the Grave Robber (Ghoul Necromancer)        Turns: 1697, Time: 00:01:48

Health: 0/26       AC:  2    Str: 11    XL:     3   Next: 43%
Magic:  0/5        EV: 12    Int: 12    God:
Gold:   111        SH:  0    Dex:  9    Spells: 6/7 levels left

rFire   . . .        g - +2 short sword (vamp)
rCold   + . .        (no shield)
rNeg    + + +        a - +0 robe
rPois   ∞            (no helmet)
rElec   .            (no cloak)
rCorr   .            (no gloves)
SInv    .            (no boots)
Will    .....        (no amulet)
Stlth   ++           (no ring)
HPRegen 0.00/turn    (no ring)
MPRegen 0.09/turn

%: no passive effects
@: inhibited regen
A: claws 1, cold resistance 1, negative energy resistance 3, inhibited
regeneration, torment resistance 2, devour on kill
a: no special abilities


You were on level 2 of the Dungeon.
You visited 1 branch of the dungeon, and saw 2 of its levels.

You collected 111 gold pieces.

Inventory:

Hand Weapons
 g - a +2 vampiric short sword (weapon)
Armour
 a - a +0 robe (worn)
Wands
 j - a wand of flame (18)
Scrolls
 e - 2 scrolls of teleportation {unknown}
 f - 4 scrolls of identify {unknown}
 i - a scroll of blinking {unknown}
Potions
 b - a potion of magic
 c - a potion of heal wounds {unknown}
 d - a potion of flight {unknown}
 h - a potion of curing {unknown}


   Skills:
 - Level 1.7 Dodging
 - Level 2.1 Stealth
 + Level 2.5 Spellcasting
 + Level 4.6 Necromancy


You had 6 spell levels left.
You knew the following spells:

 Your Spells              Type           Power      Damage    Failure   Level
a - Necrotise             Necr           48%        1d6       3%          1

Your spell library contained the following spells:

 Spells                   Type           Power      Damage    Failure   Level
 Vampiric Draining        Necr           12%        2d6       12%         3
 Animate Dead             Necr           12%        N/A       36%         4
 Agony                    Necr           12%        N/A       71%         5


Dungeon Overview and Level Annotations

Branches:
Dungeon (2/15)

Altars:

Annotations:
D:2 Sigmund


Innate Abilities, Weirdness & Mutations

You are immune to poison.
You have sharp fingernails.
Your flesh is cold resistant. (rC+)
You are immune to negative energy. (rN+++)
You do not regenerate when monsters are visible.
You are immune to unholy pain and torment.
You thrive by killing the living.


Message History

Confirm with . or Enter, or press ? or * to list all spells.
Aiming: Necrotise (safe; 3% risk of failure)
Press: ? - help, Shift-Dir - straight line, f/p - Sigmund
Aim: Sigmund, wielding a +0 scythe and wearing a +0 robe (moderately wounded, chance to affect: 75%) Sigmund struggles to resist.
The giant cockroach bites you.
* * * LOW HITPOINT WARNING * * *
The giant cockroach waves its antennae.
The giant cockroach misses you.
Casting: Necrotise (safe; 3% risk of failure)
Confirm with . or Enter, or press ? or * to list all spells.
Aiming: Necrotise (safe; 3% risk of failure)
Press: ? - help, Shift-Dir - straight line, f/p - Sigmund
Aim: Sigmund, wielding a +0 scythe and wearing a +0 robe (moderately wounded, chance to affect: 75%) Sigmund writhes in agony.
Sigmund completely misses you. The giant cockroach barely misses you.
Casting: Necrotise (safe; 3% risk of failure)
Confirm with . or Enter, or press ? or * to list all spells.
You don't have enough magic to cast this spell.
Unknown command.
Casting: Necrotise (safe; 3% risk of failure)
Confirm with . or Enter, or press ? or * to list all spells.
You don't have enough magic to cast this spell.
Unknown command.
Casting: Necrotise (safe; 3% risk of failure)
Confirm with . or Enter, or press ? or * to list all spells.
You don't have enough magic to cast this spell.
Unknown command.
You are too injured to fight recklessly!
You are too injured to fight recklessly!
You barely miss the giant cockroach.
The giant cockroach waves its antennae.
The giant cockroach closely misses you. Sigmund hits you but does no damage.
You hit the giant cockroach.
You feel better.
The giant cockroach is moderately wounded.
The giant cockroach bites you.
* * * LOW HITPOINT WARNING * * *
You hit the giant cockroach but do no damage.
The giant cockroach bites you but does no damage.
Sigmund hits you with a +0 scythe.
You die...

###..### .......
# ...... . ....
.# #..####.#
####.......#
##..@B....# # #.
#@....# #
#..##.#$..### #
#...........# #
#..##.#..##.# #
#..##..#.##.##.
#
+...............
#
#......#..#.....
#
##.......#..#...
#
##............#
##...#.##.##.
########'##.##.#


You could see Sigmund and a giant cockroach.

Vanquished Creatures
  A worm (D:2)
  2 dart slugs
  2 ball pythons (D:1)
  An endoplasm (D:1)
  3 giant cockroaches
  A goblin (D:2)
  3 hobgoblins
  A quokka (D:1)
  3 bats (D:1)
  5 frilled lizards
  4 kobolds (D:1)
  3 rats
29 creatures vanquished.

Vanquished Creatures (collateral kills)
  A ball python (D:1)
1 creature vanquished.

Grand Total: 30 creatures vanquished

Notes
Turn   | Place    | Note
-------+----------+-------------------------------------------
     0 | D:1      | JoeltCo the Ghoul Necromancer began the quest for the Orb.
     0 | D:1      | Reached XP level 1. HP: 14/14 MP: 2/2
   153 | D:1      | Reached XP level 2. HP: 7/20 MP: 0/4
  1043 | D:1      | Reached XP level 3. HP: 26/26 MP: 3/5
  1317 | D:2      | Found a faded altar of an unknown god.
  1687 | D:2      | Noticed Sigmund
  1697 | D:2      | Slain by Sigmund

Illustrated notes

Levels and vault maps discovered:
D:1:      ebering_trefoil_twist, layout_basic, nicolae_hexahallways,
          minmay_tetromino_s2
D:2:      layout_loops_corners, serial_shops, shop, nicolae_shop_stone,
          serial_aquarium, aquarium_bridge_square [aquarium_subvault_bridge,
          aquarium_subvault_wall, aquarium_subvault_balcony,
          aquarium_subvault_bridge], aquarium_window_corner,
          aquarium_window_corridor_3, aquarium_window_2, aquarium_view_2g,
          aquarium_balcony_3b, aquarium_pool_2, ebering_ecumenical_altar_webs,
          st_stairs_6, hangedman_abyss_or_decor_lesser_grid, uniq_sigmund,
          uniq_robin

Skill      XL: |  1 |
---------------+----+-----
Spellcasting   | 2 |  2.5
Dodging        | |  1.7
Stealth        | |  2.1
Necromancy     | |  4.6

Action                     || total
---------------------------++-------
  Melee: Unarmed           ||    30
         Punch             ||     1
         Short sword       ||     7
   Cast: Necrotise         ||    51
   Stab: Sleeping          ||     1
 Armour: Robe              ||    11
  Dodge: Dodged            ||    48
